 Dungeon Crawl Stone Soup version 0.29-a0-294-g83ea962da3 (console) character file.

Game seed: 4747705610589389030

180 Ignak the Magician (level 5, -1/37 HPs)
             Began as a Gnoll Hedge Wizard on Mar 18, 2022.
             Succumbed to a scorpion's poison
             ... on level 4 of the Dungeon.
             The game lasted 00:11:23 (4084 turns).

Ignak the Magician (Gnoll Hedge Wizard)             Turns: 4084, Time: 00:11:24

Health: -1/37      AC:  2    Str:  9    XL:     5   Next: 60%
Magic:  9/14       EV: 13    Int: 16    God:
Gold:   170        SH:  0    Dex: 11    Spells: 5/18 levels left

rFire   . . .      SeeInvis .   m - +0 long sword
rCold   . . .      Faith    .   (no shield)
rNeg    . . .      Spirit   .   b - +0 robe
rPois   .          Reflect  .   c - +0 hat
rElec   .          Harm     .   (no cloak)
rCorr   .          Rampage  .   (no gloves)
Will    .....      Rnd*Tele +   (no boots)
Stlth   ++........              (no amulet)
HPRegen 0.12/turn               (no ring)
MPRegen 0.14/turn               (no ring)

@: lethally poisoned (-1 -> -16)
A: fangs 1, strong nose, distributed training, antennae 1, teleportitis 1
a: no special abilities


You were on level 4 of the Dungeon.
You visited 1 branch of the dungeon, and saw 4 of its levels.

You collected 170 gold pieces.

Inventory:

Hand Weapons
 m - a +0 long sword (weapon)
Missiles
 k - 2 poisoned darts (quivered)
Armour
 b - a +0 robe (worn)
 c - a +0 hat (worn)
Scrolls
 a - 2 scrolls of holy word
 e - a scroll of fear
 f - a scroll of torment
 g - a scroll of identify
 h - a scroll of blinking
 i - a scroll of enchant weapon
 j - 2 scrolls of vulnerability
 l - 3 scrolls of teleportation
Potions
 d - a potion of magic


   Skills:
 + Level 1.5 Fighting
 + Level 1.5 Short Blades
 + Level 1.5 Long Blades
 + Level 1.5 Axes
 + Level 1.5 Maces & Flails
 + Level 1.5 Polearms
 + Level 1.5 Staves
 + Level 1.5 Slings
 + Level 1.5 Bows
 + Level 1.5 Crossbows
 + Level 1.5 Throwing
 + Level 1.5 Armour
 + Level 4.8 Dodging
 + Level 4.4 Stealth
 + Level 1.5 Shields
 + Level 1.5 Unarmed Combat
 + Level 7.3 Spellcasting
 + Level 2.4 Conjurations
 + Level 1.2 Hexes
 + Level 2.4 Summonings
 + Level 1.2 Necromancy
 + Level 2.4 Translocations
 + Level 1.2 Transmutations
 + Level 1.2 Fire Magic
 + Level 1.2 Ice Magic
 + Level 1.2 Air Magic
 + Level 1.2 Earth Magic
 + Level 1.2 Poison Magic
 + Level 1.7 Invocations
 + Level 1.5 Evocations


You had 5 spell levels left.
You knew the following spells:

 Your Spells              Type           Power      Damage    Failure   Level
a - Magic Dart            Conj           52%        1d5       4%          1
b - Blink                 Tloc           26%        N/A       7%          2
c - Call Imp              Summ           13%        N/A       7%          2
d - Mephitic Cloud        Conj/Pois/Air  11%        N/A       19%         3
e - Summon Lightning Spi  Summ/Air       11%        N/A       50%         4
z - Beastly Appendage     Tmut           18%        N/A       8%          1

Your spell library contained the following spells:

 Spells                   Type           Power      Damage    Failure   Level
 Summon Small Mammal      Summ           52%        N/A       4%          1
 Slow                     Hex            36%        N/A       8%          1
 Wereblood                Tmut           9%         N/A       11%         2
 Call Canine Familiar     Summ           13%        N/A       13%         3
 Conjure Flame            Conj/Fire      11%        6-21      17%         3
 Stone Arrow              Conj/Erth      22%        3d8       17%         3
 Summon Guardian Golem    Hex/Summ       11%        N/A       17%         3
 Spider Form              Tmut/Pois      9%         N/A       22%         3
 Animate Armour           Summ/Erth      22%        N/A       50%         4
 Airstrike                Air            4%         N/A       58%         4
 Lightning Bolt           Conj/Air       5%         1d17      83%         5
 Lehudib's Crystal Spear  Conj/Erth      5%         10d3      100%        8


Dungeon Overview and Level Annotations

Branches:
Dungeon (4/15)
 Temple: D:4-7

Altars:
Trog
The Shining One

Annotations:
D:4 Natasha, Sigmund


Innate Abilities, Weirdness & Mutations

You have very sharp teeth.
Your uncanny sense of smell can sniff out nearby items.
Your experience applies equally to all skills.
You have a pair of small antennae on your head.
You are occasionally teleported next to monsters.


Message History

You feel sick.
You hear an angry hiss.
You hear an angry growl.
You hear a shout! x2
Your crimson imp barely misses the scorpion.
Natasha is engulfed in noxious fumes.
Natasha appears confused.
The scorpion stings you.
You hit the scorpion but do no damage. Your punch misses the scorpion.
You feel sick.
Your crimson imp disappears in a puff of smoke!
Natasha is engulfed in noxious fumes.
The scorpion stings you but does no damage.
Casting: Mephitic Cloud (quite dangerous; 19% risk of failure)
Confirm with . or Enter, or press ? or * to list all spells.
A beastly little devil appears in a puff of frigid air.
You feel sick. The scorpion stings you.
You are lethally poisoned!
The scorpion poisons you!
Unknown command.
* * * LOW HITPOINT WARNING * * *
You feel very sick. The scorpion stings you.
* * * LOW HITPOINT WARNING * * *
You are more poisoned.
The scorpion poisons you! What are your orders? t - Bark!
Orders for allies: a - Attack new target. r - Retreat! s - Stop attacking. g - Guard the area. f - Follow me.
Anything else - Cancel.
Gang up on whom?
Press: ? - help, Dir - move target, f - scorpion
Aim: a scorpion (ally target) Attack!
* * * LOW HITPOINT WARNING * * *
You feel very sick.
Sigmund the Dreaded comes into view.
He is wielding a +0 scythe.
The scorpion stings you but does no damage.
Your white imp barely misses the scorpion.
Okay, then.
You die...

#..... ∆ .#......@.##.
#.....###.............
.#...#...#...........#.......
......!...:##.h.............. ...
..........##....# ......... ...
............)...## ##............
...........##....###..#... ......
.........###.5s.........# #.....
..........#..#..@.......####....#
..#....†.###.#.........†#.#......
..#......# #.......(.............
..##....## #..........#.....####.
........## #..........##..######.
..##.....###.........###....#..#.
..........#..#.......##..#.......
.............#...........##..##..
.#...........###....##....#...##.


You could see a scorpion (ally target), Natasha (confused) and a friendly white
imp (summoned).

Vanquished Creatures
  A hound (D:4)
  Natasha (D:4)
  4 adders
  4 orcs
  A ball python (D:4)
  2 endoplasms
  A giant cockroach (D:1)
  A goblin (D:4)
  9 hobgoblins
  2 jackals (D:3)
  5 quokkas
  5 bats
  4 frilled lizards
  4 kobolds
  5 rats
49 creatures vanquished.

Vanquished Creatures (collateral kills)
  An adder (D:2)
  An ufetubus (D:4)
  2 dart slugs
  An orc (D:4)
  3 endoplasms
  2 goblins
  A hobgoblin (D:3)
  3 kobolds
  2 ball pythons
16 creatures vanquished.

Grand Total: 65 creatures vanquished

Notes
Turn   | Place    | Note
-------+----------+-------------------------------------------
     0 | D:1      | Ignak the Gnoll Hedge Wizard began the quest for the Orb.
     0 | D:1      | Reached XP level 1. HP: 13/13 MP: 8/8
   137 | D:1      | Reached XP level 2. HP: 2/19 MP: 1/10
   467 | D:1      | Learned a level 2 spell: Blink
   470 | D:1      | Learned a level 2 spell: Call Imp
   937 | D:1      | Found a faded altar of an unknown god.
  1259 | D:2      | Found a glowing golden altar of the Shining One.
  1371 | D:2      | Reached XP level 3. HP: 24/25 MP: 11/11
  1379 | D:2      | Learned a level 3 spell: Mephitic Cloud
  1406 | D:2      | Gained mutation: You are occasionally teleported next to
                  | monsters. [potion of mutation]
  1406 | D:2      | Gained mutation: You have a pair of small antennae on your
                  | head. [potion of mutation]
  1482 | D:2      | Learned a level 1 spell: Beastly Appendage
  1585 | D:2      | Reached skill level 1 in Invocations
  2261 | D:3      | Reached skill level 1 in Fighting
  2261 | D:3      | Reached skill level 1 in Short Blades
  2261 | D:3      | Reached skill level 1 in Long Blades
  2261 | D:3      | Reached skill level 1 in Axes
  2261 | D:3      | Reached skill level 1 in Maces & Flails
  2261 | D:3      | Reached skill level 1 in Polearms
  2261 | D:3      | Reached skill level 1 in Staves
  2261 | D:3      | Reached skill level 1 in Slings
  2261 | D:3      | Reached skill level 1 in Bows
  2261 | D:3      | Reached skill level 1 in Crossbows
  2261 | D:3      | Reached skill level 1 in Throwing
  2261 | D:3      | Reached skill level 1 in Armour
  2261 | D:3      | Reached skill level 1 in Shields
  2261 | D:3      | Reached skill level 1 in Unarmed Combat
  2261 | D:3      | Reached skill level 1 in Evocations
  2261 | D:3      | Reached XP level 4. HP: 18/32 MP: 10/13
  2267 | D:3      | Learned a level 4 spell: Summon Lightning Spire
  2437 | D:3      | Found a bloodstained altar of Trog.
  3065 | D:3      | Reached skill level 1 in Hexes
  3065 | D:3      | Reached skill level 1 in Necromancy
  3065 | D:3      | Reached skill level 1 in Transmutations
  3065 | D:3      | Reached skill level 1 in Fire Magic
  3065 | D:3      | Reached skill level 1 in Ice Magic
  3065 | D:3      | Reached skill level 1 in Air Magic
  3065 | D:3      | Reached skill level 1 in Earth Magic
  3065 | D:3      | Reached skill level 1 in Poison Magic
  3341 | D:4      | Noticed a black bear
  3353 | D:4      | Reached XP level 5. HP: 6/37 MP: 2/14
  3795 | D:4      | Noticed Natasha
  3808 | D:4      | Killed Natasha
  4073 | D:4      | Noticed Natasha
  4083 | D:4      | Noticed Sigmund
  4084 | D:4      | Succumbed to a scorpion's poison

Illustrated notes

Levels and vault maps discovered:
D:1:      scummos_arrival_checkerplants, layout_rooms,
          chequers_ecumenical_altar_grove, chequers_jeans
D:2:      layout_loops_cross, basic_altar
D:3:      layout_basic, mainiacjoe_overflow_paths, minivault_4
D:4:      layout_cave_pools, minmay_temple_entry_gardened_gates,
          minmay_fractal_squares_diagonal_5, uniq_natasha, uniq_sigmund

Skill      XL: |  1  2  3  4 |
---------------+-------------+-----
Conjurations   | 2 |  2.4
Summonings     | 2 |  2.4
Translocations | 2 |  2.4
Invocations    | 1 |  1.7
Fighting       | 1 |  1.5
Short Blades   | 1 |  1.5
Long Blades    | 1 |  1.5
Axes           | 1 |  1.5
Maces & Flails | 1 |  1.5
Polearms       | 1 |  1.5
Staves         | 1 |  1.5
Slings         | 1 |  1.5
Bows           | 1 |  1.5
Crossbows      | 1 |  1.5
Throwing       | 1 |  1.5
Armour         | 1 |  1.5
Shields        | 1 |  1.5
Unarmed Combat | 1 |  1.5
Evocations     | 1 |  1.5
Hexes          | 1 |  1.2
Necromancy     | 1 |  1.2
Transmutations | 1 |  1.2
Fire Magic     | 1 |  1.2
Ice Magic      | 1 |  1.2
Air Magic      | 1 |  1.2
Earth Magic    | 1 |  1.2
Poison Magic   | 1 |  1.2
Dodging        | |  4.8
Stealth        | |  4.4
Spellcasting   | |  7.3

Action                   |  1- 3 |  4- 6 || total
-------------------------+-------+-------++-------
Melee: Quarterstaff      |    22 |       ||    22
       Dagger            |     8 |       ||     8
       Long sword        |    32 |    55 ||    87
       Bite              |     4 |     4 ||     8
       Punch             |     1 |     1 ||     2
       Kick              |     1 |       ||     1
Throw: Dart              |       |     3 ||     3
 Cast: Magic Dart        |    29 |     9 ||    38
       Call Imp          |    10 |    13 ||    23
       Mephitic Cloud    |     2 |     2 ||     4
       Beastly Appendage |     1 |       ||     1
       Blink             |       |     2 ||     2
  Use: Potion            |     5 |     5 ||    10
       Scroll            |     5 |     4 ||     9
 Stab: Sleeping          |     3 |     4 ||     7
       Confused          |     1 |       ||     1
       Invisible         |       |     1 ||     1
Armor: Robe              |    13 |    21 ||    34
Dodge: Dodged            |    76 |    75 ||   151

Table legend: (Time is in decaauts)
 A = Elapsed time spent in this place.
 B = Non-inter-level travel time spent in this place.
 C = Inter-level travel time spent in this place.
 D = Time resting spent in this place.
 E = Time spent auto-exploring this place.
 F = Levels seen in this place.
 G = Mean time per level.
                   A        B        C        D        E       F      G
               +--------+--------+--------+--------+--------+-----+--------+
         Total |   4107 |   4030 |     77 |   1061 |   2009 |   4 | 1026.8 |
       Dungeon |   4107 |   4030 |     77 |   1061 |   2009 |   4 | 1026.8 |
               +--------+--------+--------+--------+--------+-----+--------+

Top non-repeatable levels by time:
     D:3: 1297 daAuts
     D:1: 1256 daAuts
     D:2: 964 daAuts
     D:4: 589 daAuts
